 Dungeon Sprint DCSS version 0.31-a0-95-g6fa058ef04 (webtiles) character file.

Game seed: 1391327911485214683

154 sircluck the Skirmisher (level 5, -7/44 HPs)
             Began as a Formicid Hunter on May 25, 2023.
             Succumbed to a green ugly thing's poison
             ... in the Dungeon (Sprint V: "Ziggurat Sprint").
             The game lasted 00:01:38 (105 turns).

sircluck the Skirmisher (Formicid Hunter)            Turns: 105, Time: 00:01:39

Health: -7/44      AC: 16    Str: 15    XL:     5   Next: 62%
Magic:  5/5        EV:  9    Int:  9    God:
Gold:   0          SH:  0    Dex: 31    Spells: 4/4 levels left

rFire   . . .        A - +27 heavy crossbow "Sniper" {heavy, Acc+∞ SInv}
rCold   . . .        (no shield)
rNeg    . . .        C - +5 shadow dragon scales
rPois   .            (helmet unavailable)
rElec   .            (no cloak)
rCorr   .            (no gloves)
SInv    +            (no boots)
Will    .....        (no amulet)
Stlth   +++++        r - +6 ring of dexterity
HPRegen 0.27/turn    s - +6 ring of dexterity
MPRegen 0.09/turn

%: no passive effects
@: lethally poisoned (-7 -> -53)
A: permanent stasis, dig shafts and tunnels, antennae 3, four strong arms
a: Dig


You were in the Dungeon.
You visited 1 branch

Inventory:

Hand Weapons
 a - a +0 shortbow
 A - the +27 heavy crossbow "Sniper" (weapon) {heavy, Acc+∞ SInv}
   (You found it in the Dungeon)

   Acc+∞: It never misses its target.
   SInv:      It lets you see invisible.
Armour
 c - a +0 leather armour
 B - +5 fire dragon scales
 C - +5 shadow dragon scales (worn)
 D - +5 storm dragon scales
Jewellery
 q - a ring of flight
 r - a +6 ring of dexterity (left hand)
 s - a +6 ring of dexterity (right hand)
 t - a +6 ring of intelligence
 u - a +6 ring of intelligence
 v - a +6 ring of strength
 w - a +6 ring of strength
Wands
 x - a wand of iceblast (13)
 y - a wand of mindburst (7)
 z - a wand of acid (7)
Scrolls
 b - a scroll of immolation
 g - 4 scrolls of blinking
 m - 4 scrolls of amnesia
 n - 7 scrolls of fog
 o - 5 scrolls of identify
 p - 2 scrolls of fear
Potions
 d - 10 potions of curing
 e - 10 potions of heal wounds
 f - 7 potions of magic
 h - 2 potions of brilliance
 i - 2 potions of invisibility
 j - 4 potions of resistance
 l - 5 potions of might


   Skills:
 + Level 5.0 Fighting
 + Level 10.0 Ranged Weapons
 + Level 1.2 Armour
 + Level 4.1 Dodging
 + Level 4.5 Stealth


You had 4 spell levels left.
You didn't know any spells.
Your spell library contained the following spells:

 Spells                   Type           Power      Damage    Failure   Level
 Summon Small Mammal      Summ           0%         N/A       100%        1
 Call Canine Familiar     Summ           0%         N/A       100%        3
 Summon Guardian Golem    Hex/Summ       0%         N/A       100%        3


Dungeon Overview and Level Annotations

Branches:
Dungeon (1/1)

Altars:
Ashenzari
Cheibriados
Dithmenos
Elyvilon
Fedhas
Gozag
Hepliaklqana
Kikubaaqudgha
Makhleb
Nemelex Xobeh
Okawaru
Qazlal
Ru
Sif Muna
Trog
Uskayaw
Vehumet
Wu Jian
Xom
Yredelemnul
Zin
The Shining One
Jiyva
Lugonu

Annotations:
D 1 transporter


Innate Abilities, Weirdness & Mutations

You cannot be hasted, slowed, berserked, paralysed or teleported.
You can dig through walls and to a lower floor.
You have a pair of large antennae on your head. (SInv)
Your four strong arms can wield two-handed weapons with a shield.


Message History

The green ugly thing punches you but does no damage. x2
The green ugly thing punches you.
You are lethally poisoned!
The green ugly thing poisons you!
The green ugly thing tentacle-slaps you but does no damage.
Your Fighting skill increases to level 5!
Your Ranged Weapons skill gained 4 levels and is now at level 10!
Your Armour skill increases to level 1!
Your Dodging skill increases to level 4!
You have reached level 3!
Your experience leads to an increase in your attributes!
Your base attributes are Str 15, Int 8, Dex 17.
Increase (S)trength, (I)ntelligence, or (D)exterity?
You feel agile. x2
You have reached level 4!
You feel clever.
You have reached level 5!
Unknown command.
Unknown command.
You shoot a bolt. The bolt hits the green ugly thing!!!
The green ugly thing is almost dead.
You feel extremely sick.
The green ugly thing punches you but does no damage.
The green ugly thing basks in the mutagenic energy from its kin and changes!
The green ugly thing punches you but does no damage.
The green ugly thing punches you!
You are lethally poisoned!
The green ugly thing poisons you!
The green ugly thing basks in the mutagenic energy from its kin and changes!
Unknown command.
Unknown command.
You are too injured to fight recklessly!
Unknown command.
Fire: A) +27 heavy crossbow "Sniper" {heavy, Acc+∞ SInv}
Press: ? - help, Shift-Dir - straight line, f/p - purple ugly thing
Aim: a purple ugly thing (almost dead, 100% to hit)
You shoot a bolt. The bolt hits the purple ugly thing.
The purple ugly thing is almost dead.
Ouch! That really hurt!
You die...

▓▓▓▓▓▓▓▓▓▓▓▓▓
▓.8©8.▓.8©8.▓
{{
▓.[[).▓.....▓
{
▓.....▓...).▓
▓.....▓.....▓
▓.....▓.....▓
▓..uu.▓..©..▓
▓..@..▓▓▓▓▓▓▓
▓▓▓▓▓▓▓ {{
{{{ { { {


You could see 2 ugly things.

Vanquished Creatures
  A hog (shapeshifter) (D)
  An adder zombie (D)
  An adder skeleton (D)
3 creatures vanquished.

Notes
Turn   | Place    | Note
-------+----------+-------------------------------------------
     0 | D        | sircluck the Formicid Hunter began the quest for the Orb.
     0 | D        | Reached XP level 1. HP: 16/16 MP: 1/1
     0 | D        | Found a shimmering blue altar of Sif Muna.
     0 | D        | Found a sacrificial altar of Ru.
     0 | D        | Found a bloodstained altar of Trog.
     0 | D        | Found a stormy altar of Qazlal.
     0 | D        | Found an iron altar of Okawaru.
     0 | D        | Found a sparkling altar of Nemelex Xobeh.
     0 | D        | Found a blossoming altar of Fedhas.
     0 | D        | Found the +6 Majin-Bo {spellvamp, MP+6 Int+6}
     0 | D        | Found the +27 heavy crossbow "Sniper" {heavy, Acc+∞ SInv}
     0 | D        | Found the +10 dark maul {heavy}
     0 | D        | Found the +15 Maxwell's patent armour {-Cast -Tele rElec
                  | Will+ rCorr}
     0 | D        | Found the +18 shield of the Gong {Loud rN+ Will+ rCorr
                  | EV-5}
     0 | D        | Found the +16 obsidian axe {drain, demonic, Mesm Drain Fly
                  | SInv}
     0 | D        | Found the +7 great mace "Firestarter" {flame, immolate,
                  | rFlCloud rF++}
     0 | D        | Found the +6 shillelagh "Devastator" {shatter}
     0 | D        | Found the +11 plutonium sword {Contam Stlth-}
     0 | D        | Found the +8 lance "Wyrmbane" {slay drac, rPois rF+ rC+
                  | AC+3}
     0 | D        | Found the +9 sword of Zonguldrok {reap}
     0 | D        | Found the +13 scythe of Curses {drain, curses, Drain}
     0 | D        | Found the +9 sword of Power {lifebolt}
     0 | D        | Found the +7 mace of Variability {chaos, chaos arc}
     0 | D        | Found the +11 Singing Sword {sonic wave}
     0 | D        | Found the +8 storm bow {elec, penet}
     2 | D        | Found a transporter.
     2 | D        | Found an ancient bone altar of Kikubaaqudgha.
     2 | D        | Found a viscous altar of Jiyva.
     2 | D        | Found a corrupted altar of Lugonu.
     2 | D        | Found a hazy altar of Hepliaklqana.
     2 | D        | Found a burning altar of Makhleb.
     2 | D        | Found an opulent altar of Gozag.
    69 | D        | Reached skill level 6 in Ranged Weapons
    69 | D        | Reached XP level 2. HP: 25/25 MP: 2/2
    84 | D        | Entered arena 2.
    84 | D        | Found a transporter.
   100 | D        | Entered arena 3.
   100 | D        | Noticed a cyan ugly thing
   100 | D        | Noticed a brown ugly thing
   100 | D        | Noticed a hog
   100 | D        | Found a transporter.
   103 | D        | Killed a hog
   104 | D        | Reached skill level 5 in Fighting
   104 | D        | Reached skill level 10 in Ranged Weapons
   104 | D        | Reached skill level 1 in Armour
   104 | D        | Reached XP level 3. HP: 28/33 MP: 3/3
   104 | D        | Reached XP level 4. HP: 34/39 MP: 4/4
   104 | D        | Reached XP level 5. HP: 38/44 MP: 5/5
   105 | D        | Succumbed to a green ugly thing's poison

Illustrated notes

Levels and vault maps discovered:
D:        sprint_v [room_start, room_1, room_2, room_3, room_4, room_5, room_6,
          room_7, room_8, room_9, room_10, room_11, room_12, room_13, room_14,
          room_15, room_16, room_17, room_18, room_19, room_20, room_21,
          room_22, room_23, room_24, room_25, room_26, room_27]

Skill      XL: |  1  2 |
---------------+-------+-----
Fighting       | 4 5 |  5.0
Ranged Weapons | 6 10 | 10.0
Dodging        | 3 4 |  4.1
Stealth        | 4 |  4.5
Armour         | 1 |  1.2

Action                     |  1- 3 |  4- 6 || total
---------------------------+-------+-------++-------
   Fire: Shortbow          |     5 |       ||     5
         Heavy crossbow    |     3 |     2 ||     5
    Use: Potion            |     1 |       ||     1
 Armour: Shadow dragon sca |     9 |     2 ||    11
  Dodge: Dodged            |     2 |       ||     2

Table legend: (Time is in decaauts)
 A = Elapsed time spent in this place.
 B = Non-inter-level travel time spent in this place.
 C = Inter-level travel time spent in this place.
 D = Time resting spent in this place.
 E = Time spent auto-exploring this place.
 F = Levels seen in this place.
 G = Mean time per level.
                   A        B        C        D        E       F      G
               +--------+--------+--------+--------+--------+-----+--------+
         Total |    117 |    117 |      0 |      0 |     20 |   1 |  117.0 |
       Dungeon |    117 |    117 |      0 |      0 |     20 |   1 |  117.0 |
               +--------+--------+--------+--------+--------+-----+--------+

Top non-repeatable levels by time:
       D: 117 daAuts
